 Dungeon Crawl Stone Soup version 0.24-a0-446-g87df720 (webtiles) character file.

Game seed: 17039705236051271877

23 Bazman the Insei (level 3, -1/20 HPs)
             Began as a Tengu Transmuter on June 24, 2019.
             Killed from afar by Natasha (6 damage)
             ... with a magic dart
             ... on level 2 of the Dungeon.
             The game lasted 00:08:15 (768 turns).

Bazman the Insei (Tengu Transmuter)                  Turns: 768, Time: 00:08:22

Health: -1/20      AC:  6    Str: 11    XL:     3   Next: 0%
Magic:  6/7        EV:  9    Int: 13    God:
Gold:   0          SH:  0    Dex: 14    Spells: 5/6 levels left

rFire    . . .     SeeInvis .   c - +0 club
rCold    . . .     Gourm    .   (no shield)
rNeg     . . .     Faith    .   e - +0 scale mail
rPois    .         Spirit   .   (helmet restricted)
rElec    .         Reflect  .   (no cloak)
rCorr    .         Harm     .   (no gloves)
MR       .....                  (boots unavailable)
Stlth    ..........             (no amulet)
HPRegen  0.06/turn              (no ring)
MPRegen  0.10/turn              (no ring)

@: appendage (expiring)
A: beak, horns 2, talons 3
a: End Transformation


You were on level 2 of the Dungeon.
You were not hungry.
You had grown temporary horns.
You visited 1 branch of the dungeon, and saw 2 of its levels.

Inventory:

Hand Weapons
 c - a +0 club (weapon)
 f - a +0 dagger
 g - a +0 whip
 h - a +0 club
 i - a +0 club
Missiles
 a - 12 arrows (quivered)
Armour
 b - a +0 robe
 e - a +0 scale mail (worn)
Comestibles
 d - 3 rations


   Skills:
 + Level 1.0 Fighting
 + Level 0.7 Maces & Flails
 + Level 2.6 Dodging
 + Level 3.8 Unarmed Combat
 + Level 2.1 Spellcasting
 + Level 1.7 Transmutations


You had 5 spell levels left.
You knew the following spells:

 Your Spells              Type           Power        Failure   Level  Hunger
a - Beastly Appendage     Tmut           #.....       61%         1    ##.....

Your spell library contained the following spells:

 Spells                   Type           Power        Failure   Level  Hunger
 Sticks to Snakes         Tmut           #.......     75%         2    ###....
 Spider Form              Tmut/Pois      #.........   98%         3    ####...
 Ice Form                 Ice/Tmut       #.......     100%        4    #####..
 Blade Hands              Tmut           #.........   100%        5    ######.


Dungeon Overview and Level Annotations

Branches:
Dungeon (2/15)

Altars:

Annotations:
D:2 Natasha


Innate Abilities, Weirdness & Mutations

You have a beak for a mouth.
You have claws for feet.
You have a pair of horns on your head.


Message History

You completely miss Natasha. You headbutt Natasha.
Natasha is heavily wounded.
Natasha claws you.
You hit Natasha but do no damage. Your kick misses Natasha.
Natasha is heavily wounded.
Natasha claws you!
* * * LOW HITPOINT WARNING * * *
You aren't carrying any potions.
As you read the scroll labeled YGYTYA PEOKH, it crumbles to dust.
It is a scroll of identify.
g - a +0 whip Natasha closely misses you.
You are too injured to fight recklessly!
You hit Natasha. You claw Natasha.
Natasha is almost dead.
Natasha howls an incantation.
Natasha's front paws start to glow.
Natasha stares at you and mumbles some strange words.
The magic dart hits you.
You die...

#.# #.# #.#
#.# #.# #.#
#.#
#.#####.######
#....<.....@.#
#..#########h#
# .# .# .# .#
.# .#


You could see Natasha.

Vanquished Creatures
  A dart slug (D:1)
  A leopard gecko (D:1)
  2 giant cockroaches (D:1)
  5 goblins (D:1)
  2 hobgoblins (D:1)
  2 jackals (D:1)
  A bat (D:1)
  A frilled lizard (D:2)
  A kobold (D:1)
  3 rats (D:1)
19 creatures vanquished.

Notes
Turn   | Place    | Note
-------+----------+-------------------------------------------
     0 | D:1      | Bazman the Tengu Transmuter began the quest for the Orb.
     0 | D:1      | Reached XP level 1. HP: 12/12 MP: 4/4
   160 | D:1      | Reached XP level 2. HP: 13/16 MP: 6/6
   755 | D:2      | Reached XP level 3. HP: 20/20 MP: 7/7
   760 | D:2      | Noticed Natasha
   768 | D:2      | Killed from afar by Natasha

Levels and vault maps discovered:
D:1:      onia_arrival_pyramid, layout_loops_cross
D:2:      layout_loops_ring, serial_bayou_lake_a, uniq_crazy_yiuf_cottage,
          uniq_sigmund, uniq_jessica, uniq_natasha

Action                   || total
-------------------------++-------
Melee: Club              ||    58
       Unarmed           ||    10
       Peck              ||     7
       Kick              ||    14
       Punch             ||     1
       Headbutt          ||     1
 Cast: Beastly Appendage ||     2
  Use: Potion            ||     2
       Scroll            ||     2
Armor: Scale mail        ||    27
Dodge: Dodged            ||    34

Table legend:
 A = Non-vault XP
 B = Vault XP
 C = Vault XP percentage of total XP
 D = Non-vault monster count
 E = Vault monster count
 F = Vault count percentage of total count
                 A         B        C        D         E       F
            +---------+---------+-------+---------+---------+-------
      Total |      34 |       0 |   0.0 |      19 |       0 |   0.0
            +---------+---------+-------+---------+---------+-------
        D:1 |      33 |       0 |   0.0 |      18 |       0 |   0.0
        D:2 |       1 |       0 |   0.0 |       1 |       0 |   0.0
            +---------+---------+-------+---------+---------+-------
